 Dungeon Crawl Stone Soup version 0.20-a0-3-g334f831 (webtiles) character file.

783 xeno23 the Insei (level 7, -2/45 HPs)
             Began as an Octopode Transmuter on Oct 30, 2016.
             Killed from afar by an orc wizard (6 damage)
             ... with a magic dart
             ... on level 6 of the Dungeon.
             The game lasted 00:19:14 (5226 turns).

xeno23 the Insei (Octopode Transmuter)              Turns: 5226, Time: 00:19:15

Health: -2/45      AC:  2    Str: 10    XL:     7   Next: 86%
Magic:  18/20      EV: 14    Int: 15    God:
Gold:   231        SH:  7    Dex: 14    Spells: 3 memorised, 6 levels left

rFire  . . .     SeeInvis .       - Unarmed
rCold  + . .     Gourm    .     p - +0 buckler
rNeg   . . .     Faith    .     (helmet restricted)
rPois  +         Spirit   .     f - +2 amulet of reflection
rElec  .         Reflect  +     o - +1 ring of protection
rCorr  .         Harm     .     t - ring of protection from cold
MR     .....                    B - ring of poison resistance
Stlth  +++.......               E - ring of stealth
                                G - ring of magical power
                                (no ring)
                                (no ring)
                                (no ring)

@: very slightly contaminated
A: almost no armour, stealthy swim, amphibious, 8 rings, constrict 8, camouflage
1, gelatinous body 1
a: no special abilities


You were on level 6 of the Dungeon.
You were hungry.

You visited 1 branch of the dungeon, and saw 6 of its levels.

You collected 231 gold pieces.

Inventory:

Hand Weapons
 e - a +0 dagger
 x - a +2 hand axe of venom
 A - a +1 falchion of holy wrath
Missiles
 a - 55 arrows
Armour
 p - a +0 buckler (worn)
Jewellery
 f - a +2 amulet of reflection (around mantle)
 o - a +1 ring of protection (left tentacle)
 t - a ring of protection from cold (right tentacle)
 B - a ring of poison resistance (on tentacle)
 E - a ring of stealth (on tentacle)
 G - a ring of magical power (on tentacle)
Wands
 u - a wand of polymorph (12/24)
 w - a wand of iceblast (8/15)
 C - a wand of slowing (22/48)
Scrolls
 d - 5 scrolls of identify {unknown}
 g - 2 scrolls of teleportation {unknown}
 i - 2 scrolls of magic mapping {unknown}
 j - 2 scrolls of remove curse {unknown}
 r - 2 scrolls of recharging {unknown}
 s - 2 scrolls of noise {unknown}
 y - a scroll of blinking {unknown}
 F - a scroll of fear {unknown}
Potions
 h - 2 potions of flight {unknown}
 k - 4 potions of curing {unknown}
 l - a potion of invisibility {unknown}
 n - a potion of lignification {unknown}
 q - 2 potions of might {unknown}
 v - a potion of ambrosia {unknown}
 z - a potion of degeneration {unknown}
 D - a potion of brilliance {unknown}
 H - a potion of berserk rage {unknown}
Books
 b - a book of Changes

   Spells                             Type                      Level
   a - Beastly Appendage              Transmutation                1
   b - Sticks to Snakes               Transmutation                2
   c - Spider Form                    Transmutation/Poison         3
   d - Ice Form                       Ice/Transmutation            4
   e - Blade Hands                    Transmutation                5
Comestibles
 c - 6 bread rations
 m - 6 meat rations


   Skills:
 - Level 2.7 Fighting
 - Level 3.4 Dodging
 - Level 4.0 Shields
 - Level 5.1 Unarmed Combat
 - Level 3.0 Spellcasting
 + Level 4.1 Transmutations


You had 6 spell levels left.
You knew the following spells:

 Your Spells              Type           Power        Failure   Level  Hunger
a - Beastly Appendage     Tmut           ##....       4%          1    #......
b - Sticks to Snakes      Tmut           ##......     8%          2    ##.....
s - Spider Form           Tmut/Pois      #.........   30%         3    ###....


Dungeon Overview and Level Annotations

Branches:
Dungeon (6/15)
 Temple: D:4-7

Altars:
Hepliaklqana
Makhleb
Nemelex Xobeh

Annotations:
D:4 exclusion: phantom, Philosophy's ghost, amateur CeHu


Innate Abilities, Weirdness & Mutations

You cannot wear most types of armour.
You are very stealthy in the water. (Stealth+)
You are amphibious.
You can wear up to eight rings at the same time.
You can use your tentacles to constrict eight enemies at once.
Your skin changes colour to match your surroundings (Stealth+).
Your rubbery body absorbs attacks. (AC +1, EV +1)


Message History

The orc wizard is moderately wounded.
You constrict the orc wizard.
The orc wizard casts a spell.
The orc throws a tomahawk.
The tomahawk barely misses you.
You tentacle-slap the orc wizard but do no damage.
You squeeze the orc wizard.
The orc wizard is severely wounded.
You constrict the orc wizard, but do no damage.
The orc wizard closely misses you.
The orc wizard points at you and mumbles some strange words.
You resist with some effort.
You tentacle-slap the orc wizard but do no damage.
The orc wizard is severely wounded.
You constrict the orc wizard. You block the orc wizard's attack.
You barely miss the orc wizard.
The orc wizard is severely wounded.
You constrict the orc wizard.
The orc wizard points at you and mumbles some strange words.
The magic dart hits you!
You die...

...# ########## ##...#
#....รท...#### #....#
#...........# #....####
#...........# #........
#.>.........# #).o...#
...##.......###)###### ##.
#..........(o....## .
#..........#@##.....# ##
#. #........##.#........#
..
#...#.#........o..####.###
#...#.#.#.......o.......).
#...#.#.#########......#
.......#........<...#####
... ..#####....#...#
#............#
#......#.......


You could see an orc wizard and 2 orcs.

Vanquished Creatures
  2 ogres (D:5)
  A centaur (D:5)
  2 hounds
  4 orc priests
  Crazy Yiuf (D:5)
  Terence (D:3)
  An iguana (D:5)
  3 worker ants (D:5)
  A howler monkey skeleton (D:5)
  9 adders
  A shadow imp (D:5)
  3 worms
  6 dart slugs
  2 leopard geckos
  20 orcs
  2 bats (D:1)
  5 giant cockroaches
  9 goblins
  2 hobgoblins
  6 jackals
  5 kobolds
  2 quokkas
  5 frilled lizards
  8 rats
101 creatures vanquished.

Vanquished Creatures (others)
  An orc (D:6)
1 creature vanquished.

Grand Total: 102 creatures vanquished

Notes
Turn   | Place    | Note
-------+----------+-------------------------------------------
     0 | D:1      | xeno23 the Octopode Transmuter began the quest for the Orb.
     0 | D:1      | Reached XP level 1. HP: 13/13 MP: 3/3
     4 | D:1      | Noticed an electric eel
   307 | D:1      | Reached XP level 2. HP: 14/18 MP: 3/5
   422 | D:1      | You fall through a shaft!
   580 | D:1      | Learned a level 2 spell: Sticks to Snakes
   757 | D:1      | Reached XP level 3. HP: 19/23 MP: 6/6
  1217 | D:1      | Reached skill level 1 in Shields
  1498 | D:2      | Learned a level 3 spell: Spider Form
  1910 | D:2      | Reached XP level 4. HP: 29/29 MP: 7/7
  2232 | D:3      | Found a burning altar of Makhleb.
  2241 | D:3      | Reached XP level 5. HP: 16/34 MP: 4/8
  2425 | D:3      | Found a faded altar of an unknown god.
  2512 | D:3      | Noticed Terence
  2524 | D:3      | Killed Terence
  2808 | D:4      | Noticed a phantom
  2939 | D:4      | Reached skill level 4 in Unarmed Combat
  3186 | D:4      | Noticed Philosophy's ghost (amateur CeHu)
  3187 | D:4      | Noticed an ogre
  3210 | D:5      | Entered Level 5 of the Dungeon
  3451 | D:5      | Reached XP level 6. HP: 39/39 MP: 9/9
  3520 | D:5      | Found a sparkling altar of Nemelex Xobeh.
  3983 | D:5      | Found a hazy altar of Hepliaklqana.
  4025 | D:5      | Reached XP level 7. HP: 45/45 MP: 8/11
  4604 | D:5      | Reached skill level 5 in Unarmed Combat
  4747 | D:5      | Found a runed door.
  4752 | D:5      | Noticed Crazy Yiuf
  4759 | D:5      | Killed Crazy Yiuf
  5226 | D:6      | Killed from afar by an orc wizard

Vault maps used:
D:1:      arrival_aquarium_a
D:3:      ecumenical_altar_1, makhleb_heckhound_becter, uniq_terence
D:4:      serial_shops, shop, minmay_stone_trees_small
D:5:      first_bread, basic_altar, nemelex_altar_shiori,
          uniq_crazy_yiuf_cottage
D:6:      serial_shops, shop

Skill      XL: |  1  2  3  4  5  6  7 |
---------------+----------------------+-----
Shields        | 1 2 3 4 |  4.0
Fighting       | 2 |  2.7
Unarmed Combat | 4 5 |  5.1
Dodging        | 3 |  3.4
Spellcasting   | 3 |  3.0
Transmutations | 3 4 |  4.1

Action                   |  1- 3 |  4- 6 |  7- 9 || total
-------------------------+-------+-------+-------++-------
Melee: Unarmed           |    72 |   141 |    69 ||   282
       Kick              |     8 |     2 |     1 ||    11
       Constrict         |    21 |    33 |    15 ||    69
       Tentacles         |    14 |    23 |    15 ||    52
       Punch             |     3 |     1 |     3 ||     7
 Cast: Beastly Appendage |     5 |     3 |     1 ||     9
       Spider Form       |     1 |     3 |     1 ||     5
       Sticks to Snakes  |       |     2 |     1 ||     3
 Stab: Sleeping          |     3 |     8 |     4 ||    15
  Eat: Chunk             |     3 |     7 |     4 ||    14
Armor: Skin              |     3 |     8 |     2 ||    13
Dodge: Dodged            |    32 |    64 |    26 ||   122
Block: Buckler           |    11 |    22 |    12 ||    45
       Reflection        |       |       |     2 ||     2
